 Dungeon Sprint DCSS version 0.27-a0-1287-gca74d27db6 (webtiles) character file.

Game seed: 930204446146453116

157 mhtbhm the Skirmisher (level 5, -6/39 HPs)
             Began as a Gargoyle Berserker on June 14, 2021.
             Was a Believer of Trog.
             Mangled by a wyvern (15 damage)
             ... in the Dungeon (Sprint II: "The Violet Keep of Menkaure") on June 15, 2021.
             The game lasted 00:00:34 (231 turns).

mhtbhm the Skirmisher (Gargoyle Berserker)           Turns: 231, Time: 00:00:35

Health: -6/39      AC:  6    Str: 22    XL:     5   Next: 38%
Magic:  5/5        EV: 12    Int:  7    God:    Trog [**....]
Gold:   243        SH:  0    Dex:  9    Spells: 4/4 levels left

rFire    . . .     SeeInvis .   a - +0 mace
rCold    . . .     Faith    .   (no shield)
rNeg     + . .     Spirit   .   b - +0 animal skin
rPois    ∞         Reflect  .   (no helmet)
rElec    +         Harm     .   (no cloak)
rCorr    .         Rampage  .   (no gloves)
Will     ++...     NoTele   +   (no boots)
Stlth    +.........             (no amulet)
HPRegen  1.13/turn              (no ring)
MPRegen  0.09/turn              (no ring)

@: strong-willed, on berserk cooldown, regenerating, slowed, very slow
A: sickness immunity, AC +4, negative energy resistance 1, electricity
resistance, torment resistance 1, petrification resistance
a: Renounce Religion, Berserk, Trog's Hand


You were in the Dungeon.
You worshipped Trog.
Trog was pleased with you.
You visited 1 branch You collected 243 gold pieces.

Inventory:

Hand Weapons
 a - a +0 mace (weapon)
Armour
 b - a +0 animal skin (worn)
Scrolls
 h - a scroll of blinking
Potions
 c - a potion of curing
 e - a potion of haste
 f - 2 potions of magic
 g - a potion of berserk rage


   Skills:
 + Level 7.7 Fighting
 + Level 7.4 Maces & Flails
 + Level 4.1 Armour
 + Level 3.2 Dodging


You had 4 spell levels left.
You didn't know any spells.
Your spell library was empty.

Dungeon Overview and Level Annotations

Branches:
Dungeon (1/1)

Altars:


Innate Abilities, Weirdness & Mutations

You are immune to sickness and miasma.
Your stone body is resilient. (AC +4)
You are immune to poison.
You resist negative energy. (rN+)
You are resistant to electric shocks. (rElec)
You are resistant to unholy torment.
You are immune to petrification.


Message History

The wyvern is severely wounded.
The wyvern bites you!
* * * LOW HITPOINT WARNING * * *
Unknown command.
You sock the wyvern!
You kill the wyvern!
Trog accepts your kill.
Your Fighting skill gained 3 levels and is now at level 7!
Your Maces & Flails skill gained 3 levels and is now at level 7!
Your Armour skill gained 2 levels and is now at level 4!
Your Dodging skill gained 2 levels and is now at level 3!
You have reached level 3!
Your experience leads to an increase in your attributes!
Increase (S)trength, (I)ntelligence, or (D)exterity?
You feel stronger.
You have reached level 4!
You feel stronger.
You have reached level 5!
You feel a strong urge to attack something.
There is an open door here.
You are no longer berserk.
You are exhausted.
You feel yourself slow down.
You see here a worm corpse.
Unknown command.
You feel much better. The wyvern barely misses you.
The wyvern bites you but does no damage.
Unknown command.
Your skin crawls.
You feel strong-willed. The wyvern bites you! x2
* * * LOW HITPOINT WARNING * * *
Unknown command.
You hit the wyvern.
The wyvern is lightly wounded.
The wyvern closely misses you. The wyvern misses you.
You barely miss the wyvern.
The wyvern is lightly wounded.
The wyvern barely misses you. The wyvern bites you!
You die...

## #+#
#.#
##.##.###
+.<.l##.+
##.##@..#
#'###.##
.#. ###
.# #. ##
##


You could see a wyvern.

Vanquished Creatures
  A wyvern (D)
  3 worms (D)
4 creatures vanquished.

Vanquished Creatures (others)
  Menkaure (D)
  A water moccasin (D)
2 creatures vanquished.

Grand Total: 6 creatures vanquished

Notes
Turn   | Place    | Note
-------+----------+-------------------------------------------
     0 | D        | mhtbhm the Gargoyle Berserker began the quest for the Orb.
     0 | D        | Reached XP level 1. HP: 14/14 MP: 1/1
    10 | D        | Reached XP level 2. HP: 20/20 MP: 2/2
    18 | D        | Killed Menkaure
    33 | D        | Killed a water moccasin
    62 | D        | Reached ** piety under Trog
   216 | D        | Noticed a wyvern
   216 | D        | Noticed a wyvern
   224 | D        | Killed a wyvern
   225 | D        | Reached XP level 3. HP: 3/29 MP: 3/3
   225 | D        | Reached XP level 4. HP: 4/35 MP: 4/4
   225 | D        | Reached XP level 5. HP: 5/39 MP: 5/5
   231 | D        | Mangled by a wyvern

Illustrated notes

Levels and vault maps discovered:
D:        the_violet_keep_of_menkaure [sprint2_stairs_cluster_1,
          sprint2_shoproom, sprint2_temple, sprint2_basic_supplies,
          sprint2_obstacle_4, sprint2_obstacle_1, sprint2_obstacle_7,
          sprint2_obstacle_3, sprint2_obstacle_5, sprint2_timed_cluster_1,
          sprint2_smallroom_cluster_1, sprint2_smallroom_final_cluster_1,
          sprint2_transparent_cluster_1, sprint2_second_timed_cluster_1,
          sprint2_sniper_area_1, sprint2_heavy_combat_area_1,
          sprint2_mutation_trap_area_1, sprint2_forest_area_1,
          sprint2_light_combat_area_1, sprint2_behind_water_1,
          sprint2_near_end_vault_1]

Skill      XL: |  1  2 |
---------------+-------+-----
Fighting       | 4 7 |  7.7
Maces & Flails | 7 |  7.4
Armour         | 4 |  4.1
Dodging        | 3 |  3.2

Action                   |  1- 3 |  4- 6 || total
-------------------------+-------+-------++-------
Melee: Mace              |    13 |     2 ||    15
Invok: Berserk           |     3 |       ||     3
       Trog's Hand       |       |     1 ||     1
  Use: Potion            |       |     1 ||     1
Armor: Animal skin       |     2 |     1 ||     3
Dodge: Dodged            |     4 |     4 ||     8

Table legend: (Time is in decaauts)
 A = Elapsed time spent in this place.
 B = Non-inter-level travel time spent in this place.
 C = Inter-level travel time spent in this place.
 D = Time resting spent in this place.
 E = Time spent auto-exploring this place.
 F = Levels seen in this place.
 G = Mean time per level.
                   A        B        C        D        E       F      G
               +--------+--------+--------+--------+--------+-----+--------+
         Total |    252 |    252 |      0 |    207 |      0 |   1 |  252.0 |
       Dungeon |    252 |    252 |      0 |    207 |      0 |   1 |  252.0 |
               +--------+--------+--------+--------+--------+-----+--------+

Top non-repeatable levels by time:
       D: 252 daAuts
